 Dungeon Crawl Stone Soup version 0.24.0-123-gd5b16e6ec5 (webtiles) character file.

Game seed: 10799586666536492405, levelgen mode: deterministic

410 FishyPogo the Charmwright (level 6, -6/51 HPs)
             Began as a Gnoll Skald on Dec 30, 2019.
             Was a Follower of Yredelemnul.
             Mangled by an orc warrior
             ... wielding a +0 long sword
              (16 damage)
             ... on level 3 of the Dungeon.
             The game lasted 00:09:16 (2719 turns).

FishyPogo the Charmwright (Gnoll Skald)             Turns: 2719, Time: 00:09:16

Health: -6/51      AC:  4    Str: 16    XL:     6   Next: 89%
Magic:  2/14       EV: 14    Int: 15    God:    Yredelemnul [*.....]
Gold:   102        SH:  0    Dex: 14    Spells: 4/15 levels left

rFire    + . .     SeeInvis .   a - +0 short sword
rCold    + . .     Gourm    .   (no shield)
rNeg     . . .     Faith    .   b - +0 leather armour
rPois    +         Spirit   .   c - +1 hat
rElec    +         Reflect  .   (no cloak)
rCorr    +         Harm     .   (no gloves)
MR       .....                  (no boots)
Stlth    ++........             (no amulet)
HPRegen  1.17/turn              (no ring)
MPRegen  0.14/turn              (no ring)

@: resistant, very slightly contaminated, regenerating
A: distributed training, fangs 1, strong nose
a: Animate Remains, Renounce Religion


You were on level 3 of the Dungeon.
You worshipped Yredelemnul.
Yredelemnul was aware of your devotion.
You were not hungry.

You visited 1 branch of the dungeon, and saw 4 of its levels.

You collected 102 gold pieces.

Inventory:

Hand Weapons
 a - a +0 short sword (weapon)
Missiles
 e - 46 stones (quivered)
 m - 3 throwing nets
 p - 18 poisoned darts
Armour
 b - a +0 leather armour (worn)
 c - a +1 hat (worn)
Jewellery
 j - a +4 ring of dexterity {unknown}
Wands
 f - a wand of flame (12)
Scrolls
 h - 2 scrolls of teleportation
 l - a scroll of amnesia {unknown}
 n - a scroll of enchant armour {unknown}
 o - a scroll of identify
 t - a scroll of random uselessness {unknown}
Potions
 g - a potion of ambrosia
 i - a potion of curing
 q - 2 potions of lignification
 s - a potion of flight {unknown}
Comestibles
 d - 9 rations
 r - 2 chunks of flesh


   Skills:
 + Level 5.0 Fighting
 + Level 5.0 Short Blades
 + Level 2.1 Long Blades
 + Level 2.1 Axes
 + Level 2.1 Maces & Flails
 + Level 2.1 Polearms
 + Level 2.1 Staves
 + Level 2.1 Slings
 + Level 2.1 Bows
 + Level 2.1 Crossbows
 + Level 2.1 Throwing
 + Level 3.3 Armour
 + Level 5.0 Dodging
 + Level 2.1 Stealth
 + Level 2.1 Shields
 + Level 2.1 Unarmed Combat
 + Level 5.4 Spellcasting
 + Level 1.6 Conjurations
 + Level 1.6 Hexes
 + Level 5.7 Charms
 + Level 1.6 Summonings
 + Level 1.6 Necromancy
 + Level 1.6 Translocations
 + Level 1.6 Transmutations
 + Level 1.6 Fire Magic
 + Level 1.6 Ice Magic
 + Level 1.6 Air Magic
 + Level 1.6 Earth Magic
 + Level 1.6 Poison Magic
 + Level 2.3 Invocations
 + Level 2.1 Evocations


You had 4 spell levels left.
You knew the following spells:

 Your Spells              Type           Power        Failure   Level  Hunger
h - Regeneration          Chrm/Necr      ###.......   12%         3    ###....
n - Spectral Weapon       Hex/Chrm       ###.....     12%         3    ###....
p - Shroud of Golubria    Chrm/Tloc      ###...       6%          2    #......
u - Song of Slaying       Chrm           ###.....     2%          2    #......
y - Infusion              Chrm           ###.         1%          1    None

Your spell library contained the following spells:

 Spells                   Type           Power        Failure   Level  Hunger


Dungeon Overview and Level Annotations

Branches:
Dungeon (4/15)
 Temple: D:4-7

Altars:
Elyvilon
Fedhas
Makhleb
Yredelemnul


Innate Abilities, Weirdness & Mutations

Your experience applies equally to all skills.
You have very sharp teeth.
Your uncanny sense of smell can sniff out nearby items.


Message History

Space distorts slightly along a thin shroud covering your body.
You hit the orc warrior.
The orc warrior is heavily wounded.
The orc warrior hits you with a +0 long sword!
* * * LOW HITPOINT WARNING * * *
Your shroud falls apart!
Unknown command.
Casting: Shroud of Golubria (safe; 6% risk of failure)
Confirm with . or Enter, or press ? or * to list all spells.
Your skin crawls.
The orc warrior barely misses you.
The orc priest calls upon Beogh to heal the orc warrior.
The orc warrior is healed somewhat.
It was a potion of resistance.
You feel protected. The orc warrior barely misses you.
You hit the orc warrior but do no damage.
The orc warrior is moderately wounded.
The orc warrior hits you with a +0 long sword!
You die...
Your body rises from the dead as a mindless zombie.

# #. #.#.## ##.......#
#...##.#######....####.........
.....................'.........
#...##.#######....####.........
# #. #.#.## ##.......# #. #.###
##.....## #. #o# ##...## .. #o#
##+## ## #@# #.# #.# #.#### #.#
##....# #.# ##.....# #.#
#####....... #.# ............
#.# ∆ ###...... .#. ∆ ##....#
#....#


You could see an orc warrior and an orc priest.

Vanquished Creatures
  A human (D:3)
  A jelly (D:2)
  A human zombie (D:3)
  Natasha (thrice) (D:2)
  4 gnolls (D:2)
  2 adders (D:2)
  An ooze (D:1)
  3 worms
  4 dart slugs
  2 leopard geckos
  7 bats
  3 giant cockroaches
  5 goblins
  8 hobgoblins
  4 frilled lizards
  9 kobolds
  A kobold skeleton (D:3)
  A kobold zombie (D:3)
  8 rats
68 creatures vanquished.

Vanquished Creatures (others)
  A spectral weapon (D:3)
1 creature vanquished.

Grand Total: 69 creatures vanquished

Notes
Turn   | Place    | Note
-------+----------+-------------------------------------------
     0 | D:1      | FishyPogo the Gnoll Skald began the quest for the Orb.
     0 | D:1      | Reached XP level 1. HP: 20/20 MP: 6/6
   101 | D:1      | Reached XP level 2. HP: 18/26 MP: 3/7
   164 | D:1      | Learned a level 2 spell: Song of Slaying
   167 | D:1      | Learned a level 2 spell: Shroud of Golubria
   241 | D:3      | Found a runed translucent door.
   241 | D:3      | Noticed a human
   247 | D:3      | Found a basalt altar of Yredelemnul.
   265 | D:3      | Reached skill level 5 in Spellcasting
   265 | D:3      | Reached skill level 1 in Invocations
   265 | D:3      | Reached XP level 3. HP: 5/31 MP: 0/9
   892 | D:3      | Learned a level 3 spell: Regeneration
   896 | D:3      | Learned a level 3 spell: Spectral Weapon
   920 | D:3      | Killed a human
   920 | D:3      | Reached skill level 1 in Long Blades
   920 | D:3      | Reached skill level 1 in Axes
   920 | D:3      | Reached skill level 1 in Maces & Flails
   920 | D:3      | Reached skill level 1 in Polearms
   920 | D:3      | Reached skill level 1 in Staves
   920 | D:3      | Reached skill level 1 in Slings
   920 | D:3      | Reached skill level 1 in Bows
   920 | D:3      | Reached skill level 1 in Crossbows
   920 | D:3      | Reached skill level 1 in Throwing
   920 | D:3      | Reached skill level 1 in Stealth
   920 | D:3      | Reached skill level 1 in Shields
   920 | D:3      | Reached skill level 1 in Unarmed Combat
   920 | D:3      | Reached skill level 1 in Conjurations
   920 | D:3      | Reached skill level 1 in Hexes
   920 | D:3      | Reached skill level 1 in Summonings
   920 | D:3      | Reached skill level 1 in Necromancy
   920 | D:3      | Reached skill level 1 in Translocations
   920 | D:3      | Reached skill level 1 in Transmutations
   920 | D:3      | Reached skill level 1 in Fire Magic
   920 | D:3      | Reached skill level 1 in Ice Magic
   920 | D:3      | Reached skill level 1 in Air Magic
   920 | D:3      | Reached skill level 1 in Earth Magic
   920 | D:3      | Reached skill level 1 in Poison Magic
   920 | D:3      | Reached skill level 1 in Evocations
   920 | D:3      | Reached XP level 4. HP: 14/38 MP: 2/11
   920 | D:3      | Reached XP level 5. HP: 16/43 MP: 2/12
   930 | D:3      | Became a worshipper of Yredelemnul the Dark
  1394 | D:2      | Reached XP level 6. HP: 48/50 MP: 13/13
  1722 | D:2      | Reached * piety under Yredelemnul
  1788 | D:2      | Found a white marble altar of Elyvilon.
  1791 | D:2      | Found a burning altar of Makhleb.
  1796 | D:2      | Found a blossoming altar of Fedhas.
  2079 | D:2      | Reached skill level 5 in Fighting
  2079 | D:2      | Reached skill level 5 in Short Blades
  2079 | D:2      | Reached skill level 5 in Dodging
  2126 | D:2      | Noticed Natasha
  2137 | D:2      | Killed Natasha
  2431 | D:2      | Noticed Natasha
  2439 | D:2      | Killed Natasha
  2501 | D:2      | Noticed Natasha
  2513 | D:2      | Killed Natasha
  2683 | D:3      | Noticed an orc warrior
  2719 | D:3      | Mangled by an orc warrior

Levels and vault maps discovered:
D:1:      ebering_trefoil_twist, layout_basic
D:2:      layout_loops_ring, grunt_temple_overflow_diamond, uniq_natasha
D:3:      layout_loops_corners, minmay_stone_trees_medium, dk_yredelemnul_ordeal
D:4:      layout_rooms, uniq_pikel

Skill      XL: |  1  2  3  4  5  6 |
---------------+-------------------+-----
Spellcasting   | 5 |  5.4
Invocations    | 1 2 |  2.3
Long Blades    | 1 2 |  2.1
Axes           | 1 2 |  2.1
Maces & Flails | 1 2 |  2.1
Polearms       | 1 2 |  2.1
Staves         | 1 2 |  2.1
Slings         | 1 2 |  2.1
Bows           | 1 2 |  2.1
Crossbows      | 1 2 |  2.1
Throwing       | 1 2 |  2.1
Armour         | 3 |  3.3
Stealth        | 1 2 |  2.1
Shields        | 1 2 |  2.1
Unarmed Combat | 1 2 |  2.1
Conjurations   | 1 |  1.6
Hexes          | 1 |  1.6
Summonings     | 1 |  1.6
Necromancy     | 1 |  1.6
Translocations | 1 |  1.6
Transmutations | 1 |  1.6
Fire Magic     | 1 |  1.6
Ice Magic      | 1 |  1.6
Air Magic      | 1 |  1.6
Earth Magic    | 1 |  1.6
Poison Magic   | 1 |  1.6
Evocations     | 1 2 |  2.1
Fighting       | 5 |  5.0
Short Blades   | 5 |  5.0
Dodging        | 5 |  5.0
Charms         | |  5.7

Action                   |  1- 3 |  4- 6 || total
-------------------------+-------+-------++-------
Melee: Short sword       |    96 |   233 ||   329
       Bite              |    11 |    24 ||    35
       Punch             |       |     6 ||     6
 Cast: Infusion          |     5 |       ||     5
       Shroud of Golubri |     2 |    16 ||    18
       Spectral Weapon   |     2 |     8 ||    10
       Regeneration      |       |     7 ||     7
  Use: Scroll            |     3 |       ||     3
       Potion            |       |     2 ||     2
 Stab: Distracted        |       |     1 ||     1
  Eat: Chunk             |       |     8 ||     8
Armor: Leather armour    |    14 |    36 ||    50
Dodge: Dodged            |    77 |   134 ||   211
